 Dungeon Crawl Stone Soup version 0.20.1-1-g8b1a95d (webtiles) character file.

2345 OneorTwo the Cleaver (level 9, -1/79 HPs)
             Began as a Hill Orc Berserker on July 30, 2017.
             Was an Elder of Trog.
             Slain by a jelly (2 damage)
             ... on level 6 of the Dungeon.
             The game lasted 00:23:35 (6276 turns).

OneorTwo the Cleaver (Hill Orc Berserker)           Turns: 6276, Time: 00:23:36

Health: -1/79      AC: -11   Str: 23    XL:     9   Next: 43%
Magic:  10/10      EV: 10    Int:  7    God:    Trog [****..]
Gold:   274        SH:  0    Dex: 10    Spells: 8/8 levels left

rFire    . . .     SeeInvis +   H - +3 hand axe
rCold    . . .     Gourm    .   (no shield)
rNeg     . . .     Faith    .   F - +0 chain mail
rPois    .         Spirit   .   (no helmet)
rElec    .         Reflect  .   p - +0 cloak
rCorr    .         Harm     .   B - +0 pair of gloves
MR       .....                  (no boots)
Stlth    ..........             (no amulet)
Regen    0.3/turn               g - ring of flight
MPRegen  0.2/turn               u - ring of see invisible

@: corroded, berserk cooldown, slowed, very slow
A: no striking features
a: Berserk, Trog's Hand, Brothers in Arms, Burn Spellbooks, Renounce Religion,
Evoke Flight


You were on level 6 of the Dungeon.
You worshipped Trog.
Trog was greatly pleased with you.
You were very hungry.

You visited 1 branch of the dungeon, and saw 6 of its levels.

You collected 274 gold pieces.

Inventory:

Hand Weapons
 i - a +4 quarterstaff of chaos
 H - a +3 hand axe (weapon)
Missiles
 e - 140 stones
 v - 33 poisoned needles
 y - 5 tomahawks
 A - 8 poisoned tomahawks (quivered)
 C - 2 tomahawks of returning
Armour
 d - a +0 ring mail
 p - a +0 cloak (worn)
 B - a +0 pair of gloves (worn)
 F - a +0 chain mail (worn)
Jewellery
 g - a ring of flight (left hand)
 u - a ring of see invisible (right hand)
Wands
 G - a wand of digging (0/24)
Scrolls
 a - a scroll of teleportation {unknown}
 j - 4 scrolls of remove curse
 l - a scroll of immolation {unknown}
 m - 4 scrolls of identify {unknown}
 n - a scroll of fog {unknown}
 o - a scroll of recharging {unknown}
 q - a scroll of blinking {unknown}
 t - 2 scrolls of amnesia {unknown}
 E - a scroll of random uselessness {unknown}
 J - a scroll of enchant armour {unknown}
Potions
 f - a potion of haste {unknown}
 h - 3 potions of mutation {unknown}
 s - 2 potions of flight {unknown}
 w - a potion of lignification {unknown}
 x - 5 potions of curing {unknown}
 D - 3 potions of invisibility {unknown}
 I - 3 potions of cancellation {unknown}
Books
 b - a book of Maledictions

   Spells                             Type                      Level
   a - Corona                         Hexes                        1
   b - Ensorcelled Hibernation        Hexes/Ice                    2
   c - Confuse                        Hexes                        3
   d - Tukima's Dance                 Hexes                        3
   e - Dazzling Spray                 Conjuration/Hexes            3
   Trog disapproves of the use of such an item.
Comestibles
 c - 4 bread rations
 k - 3 royal jellies
 r - 8 fruits
 K - a meat ration


   Skills:
 + Level 7.5 Fighting
 * Level 10.7 Axes
 + Level 5.8 Armour
 + Level 4.6 Dodging
 + Level 2.6 Evocations


You had 8 spell levels left.
You didn't know any spells.

Dungeon Overview and Level Annotations

Branches:
Dungeon (6/15)
 Temple: D:4-7

Altars:
Ashenzari
Kikubaaqudgha
Okawaru
Qazlal
Xom

Shops:
D:4 [


Message History

You hit the ooze but do no damage. The jelly hits you.
* * * LOW HITPOINT WARNING * * *
You are splashed with acid!
The acid burns!
* * * LOW HITPOINT WARNING * * *
The ooze closely misses you.
You hit the ooze but do no damage.
The ooze is almost dead.
You hit the jelly.
Your hands burn!
* * * LOW HITPOINT WARNING * * *
The jelly hits you.
* * * LOW HITPOINT WARNING * * *
You are splashed with acid!
The acid burns!
* * * LOW HITPOINT WARNING * * *
The ooze barely misses you.
You hit the ooze but do no damage.
The ooze is almost dead.
You hit the jelly but do no damage.
Your hands burn!
* * * LOW HITPOINT WARNING * * *
The jelly hits you.
You die...

## #.## #..#
##.# #.# #.#
#.# ####
#.####[PP###
#.##.J....P#
#..'@J.....#
####.......#
###P..###
####


You could see a jelly and an ooze.

Vanquished Creatures
  Prince Ribbit (D:5)
  A slime creature (D:6)
  Sigmund (D:5)
  Menkaure (D:5)
  An ice beast (D:6)
  2 ogres (D:4)
  3 centaurs
  2 scorpions (D:5)
  A water moccasin skeleton (D:5)
  3 howler monkeys
  A crimson imp (D:6)
  2 hounds
  Crazy Yiuf (D:2)
  3 orc priests
  6 jellies (D:6)
  Natasha (thrice) (D:2 D:4)
  5 worker ants
  An orc wizard (D:3)
  9 adders
  A shadow imp (D:5)
  12 oozes
  An adder skeleton (D:4)
  3 worms
  2 dart slugs (D:1)
  6 leopard geckos
  31 orcs
  5 giant cockroaches
  4 goblins
  10 hobgoblins
  17 jackals
  11 kobolds
  3 quokkas
  4 ball pythons
  8 bats
  5 frilled lizards
  A giant cockroach zombie (D:5)
  A jackal zombie (D:5)
  13 rats
185 creatures vanquished.

Vanquished Creatures (others)
  A human (D:3)
  4 fungi (D:6)
  2 plants (D:5)
7 creatures vanquished.

Grand Total: 192 creatures vanquished

Notes
Turn   | Place    | Note
-------+----------+-------------------------------------------
     0 | D:1      | OneorTwo the Hill Orc Berserker began the quest for the Orb.
     0 | D:1      | Reached XP level 1. HP: 19/19 MP: 1/1
    16 | D:1      | Reached XP level 2. HP: 27/27 MP: 2/2
   722 | D:1      | Reached skill level 5 in Axes
   722 | D:1      | Reached XP level 3. HP: 25/33 MP: 3/3
   805 | D:1      | Reached ** piety under Trog
  1119 | D:2      | Found a runed door.
  1211 | D:2      | Noticed Crazy Yiuf
  1219 | D:2      | Killed Crazy Yiuf
  1219 | D:2      | Reached XP level 4. HP: 14/40 MP: 4/4
  1527 | D:2      | Noticed Natasha
  1532 | D:2      | Killed Natasha
  1622 | D:2      | Found an iron altar of Okawaru.
  2014 | D:2      | Reached XP level 5. HP: 47/47 MP: 5/5
  2224 | D:3      | Found an ancient bone altar of Kikubaaqudgha.
  2224 | D:3      | Noticed a human
  2228 | D:3      | Killed a human
  2292 | D:3      | Reached skill level 6 in Axes
  2397 | D:3      | Reached *** piety under Trog
  2583 | D:3      | Reached skill level 5 in Fighting
  2583 | D:3      | Reached XP level 6. HP: 56/56 MP: 6/6
  3244 | D:4      | Found Digeo's Armour Boutique.
  3366 | D:4      | Reached skill level 7 in Axes
  3473 | D:4      | Reached **** piety under Trog
  3474 | D:4      | Noticed Natasha
  3487 | D:4      | Killed Natasha
  3487 | D:4      | Reached XP level 7. HP: 58/61 MP: 7/7
  3674 | D:4      | Noticed Natasha
  3678 | D:4      | Killed Natasha
  4058 | D:5      | Entered Level 5 of the Dungeon
  4065 | D:5      | Found a shattered altar of Ashenzari.
  4077 | D:5      | Reached skill level 8 in Axes
  4245 | D:4      | Reached XP level 8. HP: 55/70 MP: 8/8
  4763 | D:5      | Noticed Sigmund
  4773 | D:5      | Killed Sigmund
  4822 | D:5      | Noticed Menkaure
  4832 | D:5      | Killed Menkaure
  4832 | D:5      | Reached skill level 9 in Axes
  4832 | D:5      | Reached skill level 5 in Armour
  5040 | D:5      | Noticed Prince Ribbit
  5050 | D:5      | Killed Prince Ribbit
  5050 | D:5      | Reached skill level 1 in Evocations
  5281 | D:5      | Reached XP level 9. HP: 65/79 MP: 10/10
  5457 | D:5      | Reached skill level 10 in Axes
  6028 | D:6      | Found a shattered altar of Ashenzari.
  6031 | D:6      | Found a shimmering altar of Xom.
  6031 | D:6      | Found a stormy altar of Qazlal.
  6275 | D:6      | HP: 2/79 [acid (9)]
  6276 | D:6      | Slain by a jelly

Skill      XL: |  1  2  3  4  5  6  7  8  9 |
---------------+----------------------------+-----
Axes           | 5 6 7 8 9 10 | 10.7
Dodging        | 2 3 4 |  4.6
Fighting       | 4 5 6 7 |  7.5
Armour         | 3 4 5 |  5.8
Evocations     | 1 2 |  2.6

Action                   |  1- 3 |  4- 6 |  7- 9 || total
-------------------------+-------+-------+-------++-------
Melee: Hand axe          |   106 |       |   223 ||   329
       Quarterstaff      |       |   153 |    29 ||   182
Throw: Stone             |       |     4 |       ||     4
       Tomahawk          |       |       |     1 ||     1
Invok: Berserk           |     2 |     2 |     3 ||     7
       Trog's Hand       |       |     1 |     4 ||     5
  Use: Scroll            |       |       |     1 ||     1
  Eat: Chunk             |     2 |     8 |    12 ||    22
       Royal jelly       |       |     1 |       ||     1
Armor: Animal skin       |    26 |       |       ||    26
       Ring mail         |    18 |    88 |    38 ||   144
       Chain mail        |       |       |    18 ||    18
Dodge: Dodged            |    63 |   118 |   102 ||   283
